 Dungeon Crawl Stone Soup version 0.27-a0-1502-g47ed6a6988 (webtiles) character file.

Game seed: 7449194426065949482

265 Sin92 the Skirmisher (level 5, -5/42 HPs)
             Began as a Demonspawn Fighter on July 8, 2021.
             Killed from afar by an orc wizard (8 damage)
             ... with a puff of flame
             ... on level 5 of the Dungeon.
             The game lasted 00:03:15 (2965 turns).

Sin92 the Skirmisher (Demonspawn Fighter)           Turns: 2965, Time: 00:03:16

Health: -5/42      AC:  6    Str: 16    XL:     5   Next: 99%
Magic:  5/5        EV:  7    Int:  9    God:
Gold:   110        SH:  9    Dex: 14    Spells: 4/4 levels left

rFire    . . .     SeeInvis .   a - +0 long sword
rCold    . . .     Faith    .   c - +0 kite shield
rNeg     . . .     Spirit   .   b - +0 scale mail
rPois    .         Reflect  .   (helmet restricted)
rElec    .         Harm     .   (no cloak)
rCorr    .         Rampage  .   (no gloves)
Will     .....                  (no boots)
Stlth    ..........             (no amulet)
HPRegen  0.14/turn              (no ring)
MPRegen  0.09/turn              (no ring)

@: lethally poisoned (-5 -> -6)
A: antennae 2, talons 1, powered by pain 1
a: no special abilities


You were on level 5 of the Dungeon.
You visited 1 branch of the dungeon, and saw 5 of its levels.

You collected 110 gold pieces.

Inventory:

Hand Weapons
 a - a +0 long sword (weapon)
Armour
 b - a +0 scale mail (worn)
 c - a +0 kite shield (worn)
Jewellery
 k - a ring of willpower
Wands
 j - a wand of flame (19)
Scrolls
 f - 2 scrolls of teleportation
 m - a scroll of amnesia {unknown}
 n - a scroll of fear {unknown}
Potions
 d - a potion of might
 e - a potion of flight
 g - a potion of heal wounds {unknown}
 h - a potion of mutation
 i - a potion of invisibility {unknown}
 l - a potion of curing {unknown}


   Skills:
 + Level 3.7 Fighting
 * Level 3.6 Long Blades
 + Level 3.5 Armour
 + Level 1.8 Dodging
 + Level 3.5 Shields


You had 4 spell levels left.
You didn't know any spells.
Your spell library was empty.

Dungeon Overview and Level Annotations

Branches:
Dungeon (6/15)
 Temple: D:4-7

Altars:
Dithmenos
Fedhas
Kikubaaqudgha
Trog
Uskayaw


Innate Abilities, Weirdness & Mutations

You have a pair of antennae on your head.
You have sharp toenails.
You sometimes gain a little power by taking damage.


Message History

The hound is heavily wounded.
You block the hound's attack. The hound bites you but does no damage.
The scorpion stings you.
You are poisoned.
The scorpion poisons you! The hound bites you.
Unknown command.
You slash the hound!
The hound is almost dead.
You feel very sick. You block the orc's attack.
The scorpion stings you but does no damage.
The hound bites you. The orc hits you but does no damage.
You feel drained.
The scorpion stings you but does no damage.
You block the orc's attack. You block the orc wizard's attack.
The hound closely misses you.
You hit the hound.
The hound is almost dead.
You feel sick. The hound barely misses you.
You riposte.
You slash the hound!
You kill the hound!
The orc barely misses you. The scorpion stings you.
The orc hits you but does no damage.
The orc wizard hits you but does no damage.
The orc hits you with a +2 hand axe of draining.
You feel drained. You block the scorpion's attack.
Your life force feels restored.
You feel sick.
The orc priest hits you but does no damage.
The orc wizard hits you with a +0 dagger.
You feel sick.
You closely miss the orc priest.
You claw the orc priest, but do no damage.
You feel sick. The orc hits you with a +0 whip.
* * * LOW HITPOINT WARNING * * *
The orc priest hits you with a +0 hand axe.
* * * LOW HITPOINT WARNING * * *
The orc wizard hits you but does no damage.
You block the orc priest's attack. The orc wizard casts a spell at you.
The puff of flame hits you!
You die...

#### .....####
.......o###
......oso@#
.......ooo.#
.........o....#
.............##
..........####
###########


You could see a scorpion, an orc priest, an orc wizard and 5 orcs.

Vanquished Creatures
  A water moccasin skeleton (D:6)
  A bullfrog zombie (D:6)
  A hound (D:5)
  A centaur skeleton (D:6)
  Natasha (D:3)
  An iguana (D:6)
  2 adders
  A worm (D:2)
  A dart slug (D:1)
  5 endoplasms
  A giant cockroach (D:1)
  5 goblins
  7 hobgoblins
  5 quokkas
  8 ball pythons
  3 bats
  8 frilled lizards
  5 kobolds
  9 rats
66 creatures vanquished.

Notes
Turn   | Place    | Note
-------+----------+-------------------------------------------
     0 | D:1      | Sin92 the Demonspawn Fighter began the quest for the Orb.
     0 | D:1      | Reached XP level 1. HP: 18/18 MP: 1/1
    73 | D:1      | Found a faded altar of an unknown god.
   398 | D:1      | Gained mutation: You have sharp toenails. [demonic
                  | ancestry]
   398 | D:1      | Reached XP level 2. HP: 18/24 MP: 2/2
   995 | D:1      | Gained mutation: You have a pair of small antennae on your
                  | head. [demonic ancestry]
   995 | D:1      | Reached XP level 3. HP: 28/29 MP: 3/3
  1979 | D:3      | Noticed Natasha
  1988 | D:3      | Killed Natasha
  1989 | D:3      | Reached skill level 1 in Dodging
  1989 | D:3      | Gained mutation: You sometimes gain a little power by
                  | taking damage. [demonic ancestry]
  1989 | D:3      | Reached XP level 4. HP: 22/35 MP: 4/4
  2613 | D:3      | You fall into a shaft and drop 3 floors!
  2617 | D:6      | Gained mutation: You have a pair of antennae on your head.
                  | [demonic ancestry]
  2617 | D:6      | Reached XP level 5. HP: 41/41 MP: 5/5
  2866 | D:6      | Found a bloodstained altar of Trog.
  2871 | D:6      | Found a shadowy altar of Dithmenos.
  2871 | D:6      | Found a blossoming altar of Fedhas.
  2879 | D:6      | Found a hide-covered altar of Uskayaw.
  2879 | D:6      | Found an ancient bone altar of Kikubaaqudgha.
  2957 | D:5      | Entered Level 5 of the Dungeon
  2965 | D:5      | Killed from afar by an orc wizard

Illustrated notes

Levels and vault maps discovered:
D:1:      lemuel_arrival_funnel, layout_basic, basic_ecumenical_altar,
          minmay_crystal_room
D:2:      layout_rooms
D:3:      layout_loops_ring, slow_altar_2, minmay_misc_feat_four_crosses,
          uniq_natasha
D:5:      layout_cave_pods, temple_fountains
D:6:      minmay_razor_zed, layout_gridville, minmay_overflow_temple_star_hex

Skill      XL: |  1  2  3  4 |
---------------+-------------+-----
Long Blades    | 2 3 |  3.6
Shields        | 3 |  3.5
Armour         | 3 |  3.5
Dodging        | 1 |  1.8
Fighting       | |  3.7

Action                   |  1- 3 |  4- 6 || total
-------------------------+-------+-------++-------
Melee: Long sword        |   100 |    69 ||   169
       Kick              |    21 |    24 ||    45
  Use: Scroll            |     5 |       ||     5
Armor: Scale mail        |    36 |    37 ||    73
Dodge: Dodged            |    40 |    24 ||    64
Block: Kite shield       |    60 |    39 ||    99
       Rpst.: Long sword |     7 |     8 ||    15

Table legend: (Time is in decaauts)
 A = Elapsed time spent in this place.
 B = Non-inter-level travel time spent in this place.
 C = Inter-level travel time spent in this place.
 D = Time resting spent in this place.
 E = Time spent auto-exploring this place.
 F = Levels seen in this place.
 G = Mean time per level.
                   A        B        C        D        E       F      G
               +--------+--------+--------+--------+--------+-----+--------+
         Total |   3055 |   3026 |     29 |    241 |   2010 |   5 |  611.0 |
       Dungeon |   3055 |   3026 |     29 |    241 |   2010 |   5 |  611.0 |
               +--------+--------+--------+--------+--------+-----+--------+

Top non-repeatable levels by time:
     D:1: 1131 daAuts
     D:2: 881 daAuts
     D:3: 678 daAuts
     D:6: 355 daAuts
     D:5: 9 daAuts
